 Dungeon Crawl Stone Soup version 0.31-a0-1-g4198be8af4 (webtiles) character file.

Game seed: 12943941144667873681

173354 sleepylion the Severer (level 17, -7/187 HPs)
             Began as a Minotaur Fighter on May 1, 2023.
             Was the Champion of Jiyva.
             Mangled by a deep troll (23 damage)
             ... on level 1 of the Depths.
             The game lasted 01:14:46 (19580 turns).

sleepylion the Severer (Minotaur Fighter)          Turns: 19580, Time: 01:14:47

Health: -7/187     AC: 28    Str: 37    XL:     17   Next: 18%
Magic:  5/5        EV: 11    Int: 14    God:    Jiyva [******]
Gold:   936        SH: 16    Dex:  8    Spells: 16/16 levels left

rFire   + + +        w - +7 hand axe of the Scorpion {antimagic, rC+}
rCold   + + +        I - +5 kite shield {reflect}
rNeg    + + +        a - +0 crystal plate armour "Racuv" {-Cast rN+ Will+ rCorr}
rPois   +            (helmet restricted)
rElec   +            s - +0 cloak {Stlth+}
rCorr   +            f - +0 pair of gloves
SInv    .            o - +0 pair of boots
Will    ++++.        (no amulet) Stlth
                     O - ring of Dif Biyt {rF+ rC+ rN++ Int+3}
HPRegen 2.11/turn    V - ring "Naugauby" {rF+ AC+4 Str+4}
MPRegen 0.59/turn

%: no spellcasting, reflection
@: resistant, hasted, very quick
A: horns 2, retaliatory headbutt, iridescent scales 1, clever 2, strong-willed
2, robust 1, electricity resistance, strong 2, acidic bite, gelatinous body 2,
pseudopods 3, tendrils, engulf
}: 1/15 runes: slimy
a: Renounce Religion, Oozemancy, Slimify


You were on level 1 of the Depths.
You worshipped Jiyva.
Jiyva was exalted by your worship.
You visited 6 branches of the dungeon, and saw 29 of its levels.
You also visited: Bailey, Ice Cave and Volcano.

You collected 1454 gold pieces.
You spent 518 gold pieces at shops.

Inventory:

Hand Weapons
 c - the +4 war axe "Earthworm" {drain, rPois Int+3}
   (You bought it in a shop on level 2 of the Orcish Mines)

   Int:       It affects your intelligence (+3).
   rPois:     It protects you from poison.
 w - the +7 hand axe of the Scorpion (weapon) {antimagic, rC+}
   (You found it on level 5 of the Dungeon)

   rC:        It protects you from cold.
 E - the +5 mace of the Final Beggars {venom, Str+7 Int+3}
   (You bought it in a shop on level 2 of the Orcish Mines)

   Str:       It affects your strength (+7).
   Int:       It affects your intelligence (+3).
Missiles
 J - 27 poisoned darts (quivered)
 S - 2 curare-tipped darts
Armour
 a - the +0 crystal plate armour "Racuv" (worn) {-Cast rN+ Will+ rCorr}
   (You acquired it on level 8 of the Dungeon)

   rN:        It protects you from negative energy.
   -Cast:     It prevents spellcasting.
   rCorr:     It protects you from acid and corrosion.
   Will:      It increases your willpower.
 f - a +0 pair of gloves (worn)
 o - a +0 pair of boots (worn)
 p - a +2 buckler of fire resistance
 s - a +0 cloak of stealth (worn)
 I - a +5 kite shield of reflection (worn)
Jewellery
 n - a +5 ring of evasion
 u - a ring of fire
 x - a ring of protection from fire
 L - a +6 ring of dexterity
 O - the ring of Dif Biyt (left hand) {rF+ rC+ rN++ Int+3}
   (You found it on level 5 of the Pits of Slime)

   [ring of protection from cold]

   Int:       It affects your intelligence (+3).
   rF:        It protects you from fire.
   rC:        It protects you from cold.
   rN:        It greatly protects you from negative energy.
 U - a ring of ice
 V - the ring "Naugauby" (right hand) {rF+ AC+4 Str+4}
   (You found it on level 5 of the Pits of Slime)

   [ring of protection]

   AC:        It affects your AC (+4).
   Str:       It affects your strength (+4).
   rF:        It protects you from fire.
Wands
 b - a wand of mindburst (5)
 k - a wand of flame (15)
 r - a wand of digging (12)
 t - a wand of polymorph (13)
 D - a wand of roots (5)
 K - a wand of paralysis (2)
 N - a wand of light (7)
Scrolls
 i - 8 scrolls of enchant weapon
 l - 2 scrolls of amnesia
 m - 2 scrolls of enchant armour
 q - 4 scrolls of fog
 v - 3 scrolls of immolation
 y - 3 scrolls of identify
 z - 3 scrolls of noise
 A - a scroll of poison
 B - 5 scrolls of teleportation
 M - a scroll of butterflies
 Q - a scroll of magic mapping
 T - a scroll of silence
Potions
 d - 5 potions of might
 e - 4 potions of brilliance
 g - a potion of cancellation
 h - a potion of resistance
 j - 10 potions of curing
 C - 3 potions of haste
 G - a potion of invisibility
 H - 3 potions of magic
 P - 2 potions of attraction
 R - 2 potions of lignification


   Skills:
 + Level 20.1 Fighting
 - Level 20.1 Axes
 * Level 14.2 Armour
 * Level 8.5 Dodging
 - Level 13.0 Shields
 - Level 5.3 Evocations


You had 16 spell levels left.
You didn't know any spells.
Your spell library contained the following spells:

 Spells                   Type           Power      Damage    Failure   Level
 Foxfire                  Conj/Fire      0%         2x1d4     99%         1
 Freeze                   Ice            0%         1d3       99%         1
 Kiss of Death            Conj/Necr      0%         2d5       99%         1
 Magic Dart               Conj           0%         1d3       99%         1
 Necrotise                Necr           0%         1d4       99%         1
 Sandblast                Erth           0%         2d4       99%         1
 Shock                    Conj/Air       0%         1d3       99%         1
 Ensorcelled Hibernation  Hex/Ice        0%         N/A       99%         2
 Passwall                 Tmut/Erth      0%         N/A       99%         2
 Searing Ray              Conj           0%         2d4       99%         2
 Dazzling Flash           Conj/Hex       0%         N/A       100%        3
 Frozen Ramparts          Ice            0%         1d1       100%        3
 Gell's Gravitas          Tloc           0%         N/A       100%        3
 Hailstorm                Conj/Ice       0%         3d3       100%        3
 Stone Arrow              Conj/Erth      0%         3d7       100%        3
 Swiftness                Air            0%         N/A       100%        3
 Teleport Other           Tloc           0%         N/A       100%        3
 Tukima's Dance           Hex            0%         N/A       100%        3
 Vampiric Draining        Necr           0%         2d6       100%        3
 Volatile Blastmotes      Fire/Tloc      0%         2d10      100%        3
 Airstrike                Air            0%         2d(0-16)  100%        4
 Anguish                  Hex/Necr       0%         N/A       100%        4
 Fulminant Prism          Conj/Hex       0%         3d5       100%        4
 Iskenderun's Mystic Bla  Conj/Tloc      0%         2d3       100%        4
 Leda's Liquefaction      Hex/Erth       0%         N/A       100%        4
 Passage of Golubria      Tloc           0%         N/A       100%        4
 Sticky Flame             Conj/Fire      0%         2d3       100%        4
 Agony                    Necr           0%         N/A       100%        5
 Arcjolt                  Conj/Air       0%         1d10      100%        5
 Fireball                 Conj/Fire      0%         3d3       100%        5
 Iskenderun's Battlesphe  Conj           0%         2d6       100%        5
 Lee's Rapid Deconstruct  Erth           0%         3d4*      100%        5
 Silence                  Hex/Air        0%         N/A       100%        5
 Yara's Violent Unravell  Hex/Tmut       0%         3d3       100%        5
 Dispersal                Tloc           0%         N/A       100%        6
 Plasma Beam              Fire/Air       0%         2x1d11    100%        6
 Starburst                Conj/Fire      0%         6d3       100%        6
 Enfeeble                 Hex            0%         N/A       100%        7
 Fire Storm               Conj/Fire      0%         5d1       100%        9


Dungeon Overview and Level Annotations

Branches:
Dungeon (15/15)            Temple (1/1) D:7            Lair (5/5) D:10
  Swamp (0/4) Lair:2        Snake (0/4) Lair:2        Slime (5/5) Lair:5
    Orc (2/2) D:9             Elf (0/3) Orc:2        Vaults (0/5) D:13
 Depths (1/4) D:15         Bailey (visited)           IceCv (visited)
Volcano (visited)

Altars:
Ashenzari
Cheibriados
Dithmenos
Elyvilon
Fedhas
Gozag
Hepliaklqana
Kikubaaqudgha
Makhleb
Nemelex Xobeh
Okawaru
Qazlal
Ru
Sif Muna
Trog
Uskayaw
Vehumet
Wu Jian
Xom
Yredelemnul
Zin
The Shining One
Jiyva
Lugonu

Shops:
D:2 !   D:10 ?   D:11 [   D:12 [   Orc:2 ((*(

Portals:
Abyss: Lair:5
Ziggurat: Depths:1

Annotations:
Slime:5 Royal Jelly


Innate Abilities, Weirdness & Mutations

You have a pair of horns on your head.
You reflexively headbutt those who attack you in melee.
You are partially covered in iridescent scales. (AC +2)
Your mind is very acute. (Int +8, Str/Dex -2)
You are highly strong-willed. (Will++)
You are robust. (+10% HP)
You are resistant to electric shocks. (rElec)
Your muscles are very strong. (Str +8, Int/Dex -2)
You have acidic saliva.
Your pliable body absorbs attacks. (AC +2, EV +2)
Armour fits poorly on your massive pseudopods.
You are covered in slimy tendrils that may disarm your opponents.
Your melee attacks may engulf your foes in ooze.


Message History

You feel much better. The deep troll closely misses you.
You furiously retaliate!
You headbutt the deep troll! You block the deep troll's attack.
The deep troll barely misses you.
You feel protected.
The spark wasp is asphyxiated!
You block the spark wasp's attack.
The deep troll shaman calls upon its god to speed up something.
An iron troll comes into view.
The deep troll barely misses you. You furiously retaliate!
You headbutt the deep troll! You block the deep troll's attack.
The deep troll completely misses you.
You hear two shouts!
The iron troll shouts!
You slice the spark wasp!!
The spark wasp's magic leaks into the air.
The spark wasp is almost dead.
You slash the deep troll! You block the spark wasp's attack.
The deep troll shaman calls upon its god to strengthen the iron troll.
The iron troll seems to grow stronger.
The deep troll bites you!
* * * LOW HITPOINT WARNING * * *
The deep troll claws you!
* * * LOW HITPOINT WARNING * * *
The deep troll claws you but does no damage.
You hit the deep troll but do no damage.
Your bludgeon misses the deep troll.
The deep troll is almost dead.
You slash the spark wasp!
You kill the spark wasp!
You hit the deep troll but do no damage.
The deep troll is almost dead.
The deep troll bites you!
* * * LOW HITPOINT WARNING * * *
You block the deep troll's attack. x2
Unknown command.
Press: ? - help, v - describe, . - travel
Here: an iron troll (fast, strong)
The floor.
You feel better. You block the deep troll's attack.
The deep troll claws you but does no damage.
The deep troll claws you!!
You die...

.........................
........................#
........................#
.........................
........†C...............
.........)T..............
.........######.T........
.........# ###T#........
.........# #.T@.........
.........# #...........#
....T....# #...........#
.........# #...∩.......#
./.T>...# #...........#
#...........#
#...........#
#####.......# #.......#


You could see an iron troll (fast, strong), a deep troll (fast, strong) and a
deep troll shaman.

Vanquished Creatures
  Donald (Slime:3)
  A frost giant (IceCv)
  A juggernaut zombie (D:15)
  A stone giant (Depths:1)
  A spark wasp (Depths:1)
  A fire dragon (Depths:1)
  8 hydras
  3 ogre magi
  2 catoblepae
  A death knight (D:13)
  18 two-headed ogres
  3 centaur warriors (D:13)
  3 tengu warriors
  3 boulder beetles
  A vampire mage (D:15)
  15 death yaks
  A hell hog (Volcano)
  A deep elf knight (D:13)
  A spriggan berserker (Depths:1)
  3 thrashing horrors (Lair:5)
  3 skysharks
  Sonja (Lair:5)
  A skeletal warrior (D:15)
  A fire crab (Lair:5)
  3 deep trolls
  3 bog bodies (Lair:2)
  A phantasmal warrior (D:13)
  A lindwurm (shapeshifter) (Lair:5)
  3 deep elf pyromancers
  2 deep elf zephyrmancers (D:13)
  A sphinx zombie (D:15)
  2 necromancers
  11 ugly things
  8 cyclopes
  A manticore (D:15)
  A salamander (Volcano)
  Maurice (D:9)
  10 elephants
  4 black mambas
  A black mamba (shapeshifter) (Lair:5)
  An ice statue (IceCv)
  A guardian serpent (shapeshifter) (Lair:5)
  A smoke demon (Lair:5)
  2 gargoyles
  7 cane toads
  4 unseen horrors
  An efreet (D:14)
  12 rime drakes
  2 kobold demonologists
  2 freezing wraiths (D:13)
  7 komodo dragons
  4 yaktaurs (D:13)
  5 tengu conjurers
  A guardian mummy (D:15)
  2 ancient zymes (Lair:5)
  10 trolls
  A tyrant leech (Lair:2)
  2 tarantellas (shapeshifter) (D:13)
  7 polar bears
  A wolf spider simulacrum (D:15)
  2 hornets (Depths:1)
  26 blink frogs
  6 dream sheep (Lair:5)
  Grinder (D:4)
  A spriggan zombie (D:15)
  2 vampires
  Sigmund (D:4)
  A shadow (D:12)
  A spriggan (shapeshifter) (Lair:5)
  3 wraiths
  A ynoxinul (Lair:5)
  4 spriggans
  A fire bat (Volcano)
  41 yaks
  8 basilisks
  11 small abominations (Lair:5)
  4 wyverns
  2 chaos spawn (Lair:5)
  Grum (D:9)
  A large abomination (Lair:5)
  A steam dragon (D:8)
  4 vampire mosquitoes (D:13)
  A human zombie (D:15)
  4 swamp worms (Lair:2)
  3 wargs
  An acid dragon (D:13)
  14 water moccasins
  A hell hound (Volcano)
  21 orc warriors
  2 ice beasts (D:6)
  4 black bears
  6 centaurs
  22 ogres
  46 wolves
  A phantom (D:6)
  3 kobold brigands
  4 gnoll sergeants
  14 bullfrogs
  A scorpion (D:5)
  10 wights (D:7)
  3 howler monkeys
  4 electric eels
  2 hounds
  A gnoll bouda (D:5)
  7 orc priests
  Crazy Yiuf (D:7)
  An iguana (D:7)
  A sleepcap (D:7)
  20 orc wizards
  A polar bear simulacrum (Lair:3)
  4 yak simulacra (Lair:3)
  3 wolf simulacra (Lair:3)
  Robin (D:4)
  24 gnolls
  8 adders
  2 shadow imps (D:6)
  2 white imps
  2 ufetubi
  2 worms
  3 dart slugs (D:1)
  85 orcs
  2 giant cockroaches
  12 goblins
  7 hobgoblins
  2 jackals (D:4)
  17 kobolds
  2 quokkas
  3 ball pythons
  3 bats
  2 frilled lizards (D:2)
  2 rats
  3 river rat simulacra (Lair:3)
714 creatures vanquished.

Vanquished Creatures (collateral kills)
  2 orc knights (Bailey)
  An orc warrior (Bailey)
  An orc (Bailey)
4 creatures vanquished.

Vanquished Creatures (others)
  An orb spider (shapeshifter) (D:15)
  A deep elf pyromancer (D:13)
  An ugly thing (D:12)
  2 slime creatures (D:13)
  A warg (Orc:1)
  An orc warrior (D:9)
  2 bullfrogs
  3 scorpions
  44 jellies
  A howler monkey (D:13)
  A hound (D:5)
  2 orc priests
  2 orc wizards (Orc:1)
  2 adders
  An ufetubus (D:5)
  A worm (D:5)
  A dart slug (D:3)
  10 orcs
  A ball python (D:3)
  3 bats (D:2)
  An endoplasm (D:3)
  A hobgoblin (D:2)
  A frilled lizard (D:3)
  2 kobolds
  2 rats (D:3)
  47 fungi
  73 plants
  4 withered plants (D:15)
212 creatures vanquished.

Grand Total: 930 creatures vanquished

Notes
Turn   | Place    | Note
-------+----------+-------------------------------------------
     0 | D:1      | sleepylion the Minotaur Fighter began the quest for the
                  | Orb.
     0 | D:1      | Reached XP level 1. HP: 19/19 MP: 0/0
   206 | D:1      | Reached XP level 2. HP: 20/26 MP: 1/1
   497 | D:1      | Found a faded altar of an unknown god.
   507 | D:1      | Prayed at the altar of an unknown god.
   507 | D:1      | Became a worshipper of Jiyva Jiget the Shapeless
   507 | D:1      | Reached * piety under Jiyva
   688 | D:2      | Reached XP level 3. HP: 26/31 MP: 2/2
   765 | D:2      | Reached skill level 5 in Axes
   868 | D:2      | Reached XP level 4. HP: 36/39 MP: 3/3
   967 | D:2      | Reached ** piety under Jiyva
  1079 | D:2      | Found Bymaam's Distillery.
  1379 | D:3      | Reached XP level 5. HP: 36/47 MP: 4/4
  1479 | D:3      | Reached skill level 5 in Fighting
  1516 | D:3      | Reached skill level 1 in Dodging
  1729 | D:4      | Noticed Robin
  1736 | D:4      | Killed Robin
  1845 | D:4      | Noticed Sigmund
  1856 | D:4      | Killed Sigmund
  1857 | D:4      | Reached XP level 6. HP: 53/57 MP: 5/5
  2008 | D:4      | Reached *** piety under Jiyva
  2075 | D:4      | Gained mutation: Your spells are a little harder to cast,
                  | but a little more powerful. [Jiyva's grace]
  2075 | D:4      | Gained mutation: Your spells are harder to cast, but more
                  | powerful. [Jiyva's grace]
  2075 | D:4      | Gained mutation: Your spells are much harder to cast, but
                  | much more powerful. [Jiyva's grace]
  2075 | D:4      | Gained mutation: You passively map a small area around you.
                  | [Jiyva's grace]
  2124 | D:4      | Noticed Grinder
  2132 | D:4      | Paralysed by Grinder for 4 turns
  2141 | D:4      | Paralysed by Grinder for 4 turns
  2146 | D:4      | Killed Grinder
  2147 | D:4      | Reached XP level 7. HP: 58/64 MP: 6/6
  2159 | D:4      | Found a shimmering altar of Xom.
  2734 | D:5      | Entered Level 5 of the Dungeon
  2807 | D:5      | Reached skill level 5 in Shields
  2936 | D:5      | Identified the +7 hand axe of the Scorpion {antimagic, rC+}
  3167 | D:5      | Reached **** piety under Jiyva
  3193 | D:5      | Identified the +6 rapier of Bud Umop {drain, Will+ Str+6}
  3318 | D:6      | Reached skill level 1 in Evocations
  3318 | D:6      | Reached XP level 8. HP: 73/73 MP: 2/7
  3614 | D:6      | Reached ***** piety under Jiyva
  3953 | D:6      | Gained mutation: You have a pair of large horns on your
                  | head. [Jiyva's grace]
  3953 | D:6      | Gained mutation: Your muscles are strong. (Str +4, Int/Dex
                  | -1) [Jiyva's grace]
  3953 | D:6      | Gained mutation: Your muscles are very strong. (Str +8,
                  | Int/Dex -2) [Jiyva's grace]
  3953 | D:6      | Gained mutation: You have a small jelly attached to you
                  | that may absorb projectiles. [Jiyva's grace]
  4125 | D:7      | Reached skill level 5 in Armour
  4155 | D:7      | Identified the +2 robe "Valaged" {Rampage Will- rCorr
                  | Stlth+}
  4163 | D:7      | Reached XP level 9. HP: 53/82 MP: 2/8
  4368 | D:7      | Found a burning altar of Makhleb.
  4368 | D:7      | Found a hazy altar of Hepliaklqana.
  4462 | D:7      | Found a staircase to the Ecumenical Temple.
  4490 | D:7      | Reached skill level 10 in Axes
  4710 | D:7      | Found a runed translucent door.
  4711 | D:7      | Noticed Crazy Yiuf
  4716 | D:7      | Killed Crazy Yiuf
  4731 | D:7      | Identified the +0 hammer of the Special Mice {protect, rF+
                  | Int-2 Dex+3}
  4902 | Temple   | Entered the Ecumenical Temple
  5393 | D:8      | Found a shadowy altar of Dithmenos.
  5805 | D:8      | Identified a scroll of acquirement
  5805 | D:8      | Acquired the +0 crystal plate armour "Racuv" {-Cast rN+
                  | Will+ rCorr}
  5947 | D:9      | Noticed a kobold demonologist
  5956 | D:9      | Killed a kobold demonologist
  5957 | D:9      | Reached skill level 10 in Fighting
  6022 | D:9      | Noticed a two-headed ogre
  6033 | D:9      | Killed a two-headed ogre
  6064 | D:9      | Reached XP level 10. HP: 77/94 MP: 3/9
  6097 | D:9      | Found a staircase to the Orcish Mines.
  6115 | D:9      | Reached ****** piety under Jiyva
  6131 | D:9      | Noticed Grum
  6138 | D:9      | Lost mutation: Your spells are much harder to cast, but
                  | much more powerful. [Jiyva's grace]
  6138 | D:9      | Gained mutation: You are resistant to electric shocks.
                  | (rElec) [Jiyva's grace]
  6138 | D:9      | Gained mutation: You possess an exceptional clarity of
                  | mind. [Jiyva's grace]
  6138 | D:9      | Gained mutation: You are strong-willed. (Will+) [Jiyva's
                  | grace]
  6138 | D:9      | Gained mutation: You are highly strong-willed. (Will++)
                  | [Jiyva's grace]
  6144 | D:9      | Killed Grum
  6178 | D:9      | Found a glowing silver altar of Zin.
  6196 | D:9      | Noticed Maurice
  6216 | D:9      | Killed Maurice
  6267 | D:9      | Found a flagged portal.
  6278 | Bailey   | Entered a bailey
  6413 | Bailey   | Noticed an orc knight
  6424 | Bailey   | Noticed an orc knight
  6443 | Bailey   | Killed an orc knight
  6445 | Bailey   | Killed an orc knight
  6679 | D:10     | Entered Level 10 of the Dungeon
  6783 | D:10     | Found a staircase to the Lair.
  6831 | D:10     | Found Piaghyij's Magic Scroll Boutique.
  7144 | D:10     | Bought a scroll of identify for 26 gold pieces
  7144 | D:10     | Bought a scroll of identify for 26 gold pieces
  7362 | Orc:1    | Entered Level 1 of the Orcish Mines
  7377 | Orc:1    | Reached XP level 11. HP: 100/104 MP: 3/10
  7435 | Orc:1    | Found a dark tunnel.
  7439 | Volcano  | Entered a volcano
  7453 | Volcano  | Noticed a two-headed ogre
  7453 | Volcano  | Noticed a two-headed ogre
  7456 | Volcano  | Noticed a two-headed ogre
  7475 | Volcano  | Killed a two-headed ogre
  7482 | Volcano  | Killed a two-headed ogre
  7496 | Volcano  | Killed a two-headed ogre
  7535 | Volcano  | Noticed a two-headed ogre
  7535 | Volcano  | Noticed a hell hog
  7535 | Volcano  | Noticed a two-headed ogre
  7540 | Volcano  | Killed a two-headed ogre
  7547 | Volcano  | Killed a two-headed ogre
  7555 | Volcano  | Killed a hell hog
  7890 | Orc:1    | Lost mutation: You have a pair of large horns on your head.
                  | [Jiyva's grace]
  7890 | Orc:1    | Lost mutation: You possess an exceptional clarity of mind.
                  | [Jiyva's grace]
  7890 | Orc:1    | Lost mutation: You are highly strong-willed. (Will++)
                  | [Jiyva's grace]
  7890 | Orc:1    | Lost mutation: You are resistant to electric shocks.
                  | (rElec) [Jiyva's grace]
  7890 | Orc:1    | Lost mutation: Your muscles are very strong. (Str +8,
                  | Int/Dex -2) [Jiyva's grace]
  7890 | Orc:1    | Lost mutation: You have a small jelly attached to you that
                  | may absorb projectiles. [Jiyva's grace]
  7890 | Orc:1    | Gained mutation: Your rubbery body absorbs attacks. (AC +1,
                  | EV +1) [Jiyva's grace]
  7890 | Orc:1    | Gained mutation: Your pliable body absorbs attacks. (AC +2,
                  | EV +2) [Jiyva's grace]
  7890 | Orc:1    | Gained mutation: Your gelatinous body deflects attacks. (AC
                  | +3, EV +3) [Jiyva's grace]
  7890 | Orc:1    | Gained mutation: Your system is resistant to poisons.
                  | (rPois) [Jiyva's grace]
  8023 | Orc:2    | Entered Level 2 of the Orcish Mines
  8089 | Orc:2    | Noticed a two-headed ogre
  8094 | Orc:2    | Noticed a two-headed ogre
  8098 | Orc:2    | Noticed a two-headed ogre
  8105 | Orc:2    | Killed a two-headed ogre
  8111 | Orc:2    | Killed a two-headed ogre
  8116 | Orc:2    | Noticed an ogre mage
  8122 | Orc:2    | Noticed a two-headed ogre
  8123 | Orc:2    | Killed a two-headed ogre
  8124 | Orc:2    | Reached XP level 12. HP: 100/118 MP: 3/11
  8129 | Orc:2    | Noticed a two-headed ogre
  8133 | Orc:2    | Killed an ogre mage
  8138 | Orc:2    | Killed a two-headed ogre
  8148 | Orc:2    | Noticed a two-headed ogre
  8156 | Orc:2    | Killed a two-headed ogre
  8157 | Orc:2    | Reached skill level 15 in Axes
  8164 | Orc:2    | Killed a two-headed ogre
  8271 | Orc:2    | Found a shimmering altar of Xom.
  8279 | Orc:2    | Noticed a two-headed ogre
  8288 | Orc:2    | Killed a two-headed ogre
  8303 | Orc:2    | Found Ogainuk's Weapon Shop.
  8304 | Orc:2    | Found Femuddih's Assorted Antiques.
  8309 | Orc:2    | Found Yrui's Antique Weapon Shoppe.
  8325 | Orc:2    | Found Becuteri's Antique Weapon Boutique.
  8326 | Orc:2    | Noticed an ogre mage
  8360 | Orc:2    | Reached skill level 15 in Fighting
  8361 | Orc:2    | Reached skill level 10 in Shields
  8367 | Orc:2    | Reached skill level 10 in Armour
  8372 | Orc:2    | Killed an ogre mage
  8410 | Orc:2    | Found a staircase to the Elven Halls.
  8482 | Orc:2    | Noticed a two-headed ogre
  8490 | Orc:2    | Killed a two-headed ogre
  8783 | Orc:2    | Bought a transparent war axe for 314 gold pieces
  8783 | Orc:2    | Identified the +4 war axe "Earthworm" {drain, rPois Int+3}
                  | (You bought it in a shop on level 2 of the Orcish Mines)
  8794 | Orc:2    | Bought a blackened mace for 152 gold pieces
  8794 | Orc:2    | Identified the +5 mace of the Final Beggars {venom, Str+7
                  | Int+3} (You bought it in a shop on level 2 of the Orcish
                  | Mines)
  8872 | Lair:1   | Entered Level 1 of the Lair of Beasts
  8963 | Lair:1   | Noticed a catoblepas
  8964 | Lair:1   | Reached XP level 13. HP: 123/127 MP: 12/12
  9227 | Lair:1   | Lost mutation: You are strong-willed. (Will+) [Jiyva's
                  | grace]
  9227 | Lair:1   | Lost mutation: You passively map a small area around you.
                  | [Jiyva's grace]
  9227 | Lair:1   | Lost mutation: Your gelatinous body deflects attacks. (AC
                  | +3, EV +3) [Jiyva's grace]
  9227 | Lair:1   | Lost mutation: Your pliable body absorbs attacks. (AC +2,
                  | EV +2) [Jiyva's grace]
  9227 | Lair:1   | Gained mutation: You have acidic saliva. [Jiyva's grace]
  9227 | Lair:1   | Gained mutation: Your muscles are very strong. (Str +8,
                  | Int/Dex -2) [Jiyva's grace]
  9227 | Lair:1   | Gained mutation: You are resistant to electric shocks.
                  | (rElec) [Jiyva's grace]
  9227 | Lair:1   | Gained mutation: You are partially covered in iridescent
                  | scales. (AC +2) [Jiyva's grace]
  9280 | Lair:1   | Got Sif Muna's Vellum of Molten Doom
  9851 | Lair:2   | Found a staircase to the Snake Pit.
 10612 | Lair:2   | Found a staircase to the Swamp.
 10927 | Lair:3   | Lost mutation: Your spells are harder to cast, but more
                  | powerful. [Jiyva's grace]
 10927 | Lair:3   | Gained mutation: Your pliable body absorbs attacks. (AC +2,
                  | EV +2) [Jiyva's grace]
 10927 | Lair:3   | Gained mutation: Your gelatinous body deflects attacks. (AC
                  | +3, EV +3) [Jiyva's grace]
 10927 | Lair:3   | Gained mutation: You are covered in slimy tendrils that may
                  | disarm your opponents. [Jiyva's grace]
 10927 | Lair:3   | Gained mutation: You passively dampen the noise of your
                  | surroundings. [Jiyva's grace]
 10989 | Lair:3   | Reached XP level 14. HP: 138/138 MP: 4/13
 12317 | Lair:5   | Entered Level 5 of the Lair of Beasts
 12441 | Lair:5   | Lost mutation: Your spells are a little harder to cast, but
                  | a little more powerful. [Jiyva's grace]
 12441 | Lair:5   | Lost mutation: You passively dampen the noise of your
                  | surroundings. [Jiyva's grace]
 12441 | Lair:5   | Gained mutation: Your mind is acute. (Int +4, Str/Dex -1)
                  | [Jiyva's grace]
 12441 | Lair:5   | Gained mutation: Your mind is very acute. (Int +8, Str/Dex
                  | -2) [Jiyva's grace]
 12441 | Lair:5   | Gained mutation: You are strong-willed. (Will+) [Jiyva's
                  | grace]
 12441 | Lair:5   | Gained mutation: You are highly strong-willed. (Will++)
                  | [Jiyva's grace]
 12512 | Lair:5   | Found a staircase to the Slime Pits.
 12597 | Lair:5   | Noticed Sonja
 12613 | Lair:5   | Killed Sonja
 12946 | Lair:5   | Found a corrupted altar of Lugonu.
 12946 | Lair:5   | Found a one-way gate to the infinite horrors of the Abyss.
 13025 | Lair:5   | Identified the +4 swamp dragon scales of the Known World
                  | {rPois rN+ Dex+3}
 13369 | Lair:5   | Identified the +6 short sword "Kuememuj" {antimagic,
                  | Fragile Str+2 Dex+4}
 13793 | D:11     | Found a frozen archway.
 13802 | D:11     | Reached XP level 15. HP: 149/149 MP: 14/14
 13823 | IceCv    | Entered an ice cave
 14023 | IceCv    | Noticed a frost giant
 14041 | IceCv    | Killed a frost giant
 14551 | D:11     | Found Hacsetz's Armour Shop.
 15117 | D:12     | Found Hipotuass's Armour Emporium.
 15131 | D:12     | Reached skill level 5 in Dodging
 15175 | D:12     | Lost mutation: Your system is resistant to poisons. (rPois)
                  | [Jiyva's grace]
 15175 | D:12     | Lost mutation: Your muscles are very strong. (Str +8,
                  | Int/Dex -2) [Jiyva's grace]
 15175 | D:12     | Lost mutation: Your gelatinous body deflects attacks. (AC
                  | +3, EV +3) [Jiyva's grace]
 15175 | D:12     | Gained mutation: Your gelatinous body deflects attacks. (AC
                  | +3, EV +3) [Jiyva's grace]
 15175 | D:12     | Gained mutation: Your muscles are very strong. (Str +8,
                  | Int/Dex -2) [Jiyva's grace]
 15175 | D:12     | Gained mutation: Your melee attacks may engulf your foes in
                  | ooze. [Jiyva's grace]
 15175 | D:12     | Gained mutation: You are covered in fur. (AC +1) [Jiyva's
                  | grace]
 15534 | D:12     | Found a burning altar of Makhleb.
 16297 | D:13     | Found a gate to the Vaults.
 16658 | D:14     | Found a stormy altar of Qazlal.
 17017 | D:15     | Entered Level 15 of the Dungeon
 17157 | D:15     | Found a staircase to the Depths.
 17223 | D:15     | Reached XP level 16. HP: 150/162 MP: 7/15
 17309 | D:15     | Lost mutation: You are covered in fur. (AC +1) [Jiyva's
                  | grace]
 17309 | D:15     | Lost mutation: Your gelatinous body deflects attacks. (AC
                  | +3, EV +3) [Jiyva's grace]
 17309 | D:15     | Gained mutation: Armour fits poorly on your pseudopods.
                  | [Jiyva's grace]
 17309 | D:15     | Gained mutation: Armour fits poorly on your large
                  | pseudopods. [Jiyva's grace]
 17309 | D:15     | Gained mutation: Armour fits poorly on your massive
                  | pseudopods. [Jiyva's grace]
 17309 | D:15     | Gained mutation: You are robust. (+10% HP) [Jiyva's grace]
 17522 | D:15     | Reached skill level 5 in Evocations
 17522 | D:15     | Reached XP level 17. HP: 178/187 MP: 5/16
 17940 | Slime:1  | Entered Level 1 of the Pits of Slime
 18106 | Slime:1  | Noticed an acid blob
 18125 | Slime:1  | Noticed an acid blob
 18173 | Slime:1  | Noticed an acid blob
 18330 | Slime:2  | Found a viscous altar of Jiyva.
 18340 | Slime:2  | Noticed an acid blob
 18340 | Slime:2  | Noticed an acid blob
 18355 | Slime:2  | Noticed an acid blob
 18477 | Slime:2  | Noticed an acid blob
 18562 | Slime:3  | Noticed an acid blob
 18702 | Slime:3  | Noticed Donald
 18710 | Slime:3  | Killed Donald
 18840 | Slime:4  | Noticed an acid blob
 18909 | Slime:5  | Entered Level 5 of the Pits of Slime
 18909 | Slime:5  | Noticed an acid blob
 18981 | Slime:5  | Noticed an acid blob
 19048 | Slime:5  | Noticed an acid blob
 19083 | Slime:5  | Found a viscous altar of Jiyva.
 19085 | Slime:5  | Noticed the Royal Jelly
 19088 | Slime:5  | Identified the staff of earth "Qeor" {Will+ Dex+3}
 19091 | Slime:5  | Noticed an acid blob
 19093 | Slime:5  | Identified the staff of air "Oteleska" {rElec rN+}
 19097 | Slime:5  | Got Cerebov's Tome of Blasting
 19099 | Slime:5  | Got a slimy rune of Zot
 19106 | Slime:5  | Identified the staff of fire "Iriudupu" {rF+ Dex+4}
 19109 | Slime:5  | Identified the ring of Dif Biyt {rF+ rC+ rN++ Int+3}
 19128 | Slime:5  | Identified the +2 glaive "Ziral" {heavy, Fragile rF+ Int+3
                  | Dex+3}
 19131 | Slime:5  | Identified the ring "Naugauby" {rF+ AC+4 Str+4}
 19146 | Slime:5  | Noticed an acid blob
 19147 | Slime:5  | Identified the +3 short sword "Utathior" {freeze, Dex+3}
 19178 | Slime:5  | Noticed an acid blob
 19195 | Slime:5  | Noticed an acid blob
 19199 | Slime:5  | Noticed an acid blob
 19466 | Depths:1 | Entered Level 1 of the Depths
 19504 | Depths:1 | Found a one-way gateway to a ziggurat.
 19579 | Depths:1 | HP: 5/187 [deep troll (14)]
 19580 | Depths:1 | Mangled by a deep troll

Illustrated notes

Levels and vault maps discovered:
D:1:      mushboom_english_gardens, layout_basic,
          shapermc_ecumenical_altar_pompeii, minmay_tall_x
D:2:      layout_loops_ring, serial_shops, nicolae_shop_tiny_real_fake_doors
D:3:      layout_basic
D:4:      layout_basic, mainiacjoe_overflow_alcove_2, uniq_grinder,
          uniq_sigmund, uniq_robin
D:5:      layout_loops_ring, hangedman_decor_opposing
D:6:      layout_cave_pods
D:7:      layout_basic, gammafunk_temple_overflow_elements,
          minmay_temple_entry_poolview, uniq_crazy_yiuf_cottage
D:8:      layout_loops_ring, nicolae_overflow_hidden_temple,
          hangedman_decor_riveting, minivault_22
D:9:      layout_cave_pools, mainiacjoe_overflow_six_doors_small,
          enter_bailey_4, nicolae_concentric_dashed_squares_wild, uniq_grum,
          uniq_maurice
D:10:     layout_cave_pools, hellmonk_lair_entry_icy, serial_shops, shop
D:11:     layout_roguey, serial_shops, shop,
          portal_ice_cave_entry_animals_and_master
D:12:     layout_loops_corners, serial_shops, nicolae_shop_statue_plus,
          bloody_makhleb
D:13:     layout_loops_ring, hangedman_vaults_entry_quadrant_bands
D:14:     layout_roguey, grunt_qazlal_clouds
D:15:     gammafunk_depths_entry_grave, layout_loops_ring, minmay_crystal_room
Temple:   nicolae_temple_bog_church
Lair:1:   layout_chaotic_city, serial_bayou_pond_e, grunt_forest_large_clearings
Lair:2:   layout_gridlike, nicolae_swamp_entry_splash_gauntlet,
          dummy_snake_entry, worms_lemuel
Lair:3:   layout_regular_city, eino_house_with_fridge
Lair:4:   layout_gridlike, chequers_serial_rivers_large_a,
          infiniplex_staircase_pool_2
Lair:5:   hellmonk_lair_end_abyssal_woods, layout_hall_layers, slime_entry_1,
          lemuel_fruit_fields, grunt_megastairs_4, uniq_sonja
Slime:1:  layout_caves, cheibrodos_slime_lost_civilization_7
Slime:2:  layout_caves, basic_altar
Slime:3:  layout_caves, uniq_donald
Slime:4:  layout_caves
Slime:5
Orc:1:    layout_caves, basic_altar, nicolae_volcano_entry_lava_flow
Orc:2:    st_orc_open, layout_caves, basic_altar
Depths:1: layout_forbidden_donut, enter_ziggurat_a,
          pf_vacation_house_of_asmodeus, abyss_entry, pan_entry,
          nicolae_gozag_zags_fifth_avenue, serial_sigils_hangedman_gut,
          lemuel_flames_and_gold, serial_bayou_shore_a, uniq_sojobo, uniq_mara

Skill      XL: |  1  2  3  4  5  6  7  8  9 10 11 12 13 14 15 16 |
---------------+-------------------------------------------------+-----
Axes           | 3 4 5 6 7 8 9 11 12 14 15 17 18 19 20 | 20.1
Fighting       | 4 6 7 8 10 12 14 15 16 18 19 20 | 20.1
Dodging        | 2 4 8 |  8.5
Shields        | 4 5 7 8 10 11 13 | 13.0
Evocations     | 1 2 5 |  5.3
Armour         | 5 8 10 12 14 | 14.2

Action                     |  1- 3 |  4- 6 |  7- 9 | 10-12 | 13-15 | 16-18 || total
---------------------------+-------+-------+-------+-------+-------+-------++-------
  Melee: War axe           |    58 |    99 |    43 |    36 |   532 |    20 ||   788
         Headbutt          |     7 |    22 |    28 |   103 |   281 |    15 ||   456
         Unarmed           |       |     4 |       |       |       |       ||     4
         Hand axe          |       |       |   177 |   436 |   532 |    45 ||  1190
         Bite              |       |       |       |       |   158 |     8 ||   166
         Mace              |       |       |       |       |    48 |     4 ||    52
         Pseudopods        |       |       |       |       |       |    18 ||    18
  Evoke: Wand              |       |       |     4 |     1 |     1 |       ||     6
    Use: Scroll            |     1 |       |     7 |    12 |     6 |     6 ||    32
         Potion            |       |       |       |     2 |       |     5 ||     7
   Stab: Petrified         |       |       |       |       |     1 |       ||     1
 Armour: Scale mail        |    21 |    27 |       |       |       |       ||    48
         Chain mail        |       |    27 |    91 |       |       |       ||   118
         Crystal plate arm |       |       |    17 |   242 |   511 |    21 ||   791
  Dodge: Dodged            |    32 |    44 |    91 |   171 |   323 |    34 ||   695
  Block: Buckler           |    12 |    15 |    38 |   160 |   376 |     4 ||   605
         Kite shield       |       |       |       |       |       |    34 ||    34

Table legend: (Time is in decaauts)
 A = Elapsed time spent in this place.
 B = Non-inter-level travel time spent in this place.
 C = Inter-level travel time spent in this place.
 D = Time resting spent in this place.
 E = Time spent auto-exploring this place.
 F = Levels seen in this place.
 G = Mean time per level.
                   A        B        C        D        E       F      G
               +--------+--------+--------+--------+--------+-----+--------+
         Total |  19053 |  17689 |   1364 |    401 |  13193 |  32 |  595.4 |
       Dungeon |  10603 |   9821 |    782 |    262 |   7579 |  15 |  706.9 |
        Temple |    195 |    175 |     20 |      0 |    162 |   1 |  195.0 |
          Lair |   4636 |   4274 |    362 |     32 |   3325 |   5 |  927.2 |
    Slime Pits |   1323 |   1219 |    104 |      0 |   1114 |   5 |  264.6 |
  Orcish Mines |   1145 |   1050 |     95 |     43 |    667 |   2 |  572.5 |
        Depths |     96 |     96 |      0 |      4 |     30 |   1 |   96.0 |
        Bailey |    186 |    186 |      0 |      0 |      5 |   1 |  186.0 |
      Ice Cave |    642 |    642 |      0 |     30 |    255 |   1 |  642.0 |
       Volcano |    223 |    223 |      0 |     29 |     55 |   1 |  223.0 |
               +--------+--------+--------+--------+--------+-----+--------+

Top non-repeatable levels by time:
  Lair:5: 1113 daAuts
  Lair:2: 1052 daAuts
     D:4: 1020 daAuts
     D:7: 904 daAuts
    D:12: 898 daAuts
  Lair:3: 862 daAuts
  Lair:1: 828 daAuts
    D:13: 811 daAuts
  Lair:4: 778 daAuts
   Orc:2: 748 daAuts
    D:10: 740 daAuts
     D:8: 720 daAuts
     D:6: 692 daAuts
    D:15: 686 daAuts
     D:1: 674 daAuts
